PCL
HOUSTON HAMMERTIME @ TEXARKANA BEARS
04/12/2030
 
TOP OF THE 1ST
Houston Hammertime batting - Pitching for Texarkana Bears : RHP Jesús Sosa
Pitching: RHP Jesús Sosa
Batting: RHB Juan Carlos 0-0: Fly out, F8 (Flyball, 8RS)
Batting: RHB Santo Cruz 0-0: Foul Ball, location: 2F
0-1: SINGLE (Groundball, 56D)
Batting: LHB Francisco Cardenas 0-0: Ball
1-0: Called Strike
1-1: Fly out, F1 (Line Drive, 13)
Batting: LHB Marcos Cantú 0-0: Ball
1-0: Called Strike
1-1: Ball
2-1: Foul Ball, location: 2F
2-2: SINGLE (Groundball, 34D)
Santo Cruz to second
Runner from 2nd tries for 3rd, SAFE, throw made to third
Batting: RHB Carlos García 0-0: Ball
1-0: Called Strike
1-1: Foul Ball, location: 2F
1-2: Foul Ball, location: 2F
1-2: Foul Ball, location: 2F
1-2: Fielders Choice at 2nd, 6-4 (Groundball, 6)
Top of the 1st over - 0 runs, 2 hits, 0 errors, 2 left on base; Houston 0 - Texarkana 0
BOTTOM OF THE 1ST
Texarkana Bears batting - Pitching for Houston Hammertime : LHP Mark Stewart
Pitching: LHP Mark Stewart
Batting: RHB Marvin Johnson 0-0: Foul Ball, location: 2F
0-1: Ball
1-1: Ball
2-1: Fly out, F9 (Line Drive, 9)
Batting: RHB Jaime Delgado 0-0: Ball
1-0: SINGLE (Flyball, 7LS)
Batting: RHB Billy Campbell 0-0: Called Strike
0-1: Ball
1-1: Called Strike
1-2: Fly out, F9 (Flyball, 9LS)
Batting: RHB Lu-fang Huie 0-0: Ball
1-0: Foul Ball, location: 2F
1-1: Ball
2-1: Swinging Strike
2-2: Ball
Jaime Delgado steals 2nd base
3-2: Reached on error, E5 (Groundball, 56)
Jaime Delgado to third
Batting: LHB Sam Barnes 0-0: Called Strike
0-1: Foul Ball, location: 2F
0-2: Ball
1-2: SINGLE (Groundball, 4D)
Jaime Delgado scores
Lu-fang Huie to second
Runner from 2nd tries for 3rd, SAFE, no throw
Batting: RHB Roger Rush 0-0: Ball
1-0: Called Strike
1-1: Ball
2-1: Fly out, F4 (Popup, 4M)
Bottom of the 1st over - 1 run, 2 hits, 1 error, 2 left on base; Houston 0 - Texarkana 1
TOP OF THE 2ND
Houston Hammertime batting - Pitching for Texarkana Bears : RHP Jesús Sosa
Batting: LHB Dave Gordon 0-0: Ball
Error on foul ball, E3
1-1: Ground out 6-3 (Groundball, 6)
Batting: RHB Jorge Barbosa 0-0: DOUBLE (Line Drive, 7LM)
Batting: LHB Jeffrey Satterley 0-0: SINGLE (Groundball, 3D)
Jorge Barbosa to third
Runner from 3rd tries for Home, SAFE, no throw
Batting: LHB David Adams 0-0: Ball
1-0: Called Strike
1-1: Ball
2-1: Ball
3-1: Base on Balls
Jeffrey Satterley to second
Batting: RHB Juan Carlos 0-0: Swinging Strike
0-1: Ball
1-1: Foul Ball, location: 2F
1-2: Foul Ball, location: 2F
1-2: DOUBLE (Line Drive, 7LS)
Jeffrey Satterley scores
David Adams to third
Runner from 3rd tries for Home, SAFE, no throw
Batting: RHB Santo Cruz 0-0: Ball
1-0: Swinging Strike
1-1: Foul Ball, location: 2F
1-2: Foul Ball, location: 2F
1-2: Strikes out looking
Batting: LHB Francisco Cardenas 0-0: Ball
1-0: Foul Ball, location: 2F
1-1: Swinging Strike
1-2: SINGLE (Line Drive, 3D)
Juan Carlos to third
Runner from 3rd tries for Home, SAFE, no throw
Batting: LHB Marcos Cantú 0-0: Ball
1-0: Ball
2-0: Called Strike
2-1: Foul Ball, location: 2F
2-2: Ball
3-2: Fly out, F8 (Flyball, 8LM)
Top of the 2nd over - 4 runs, 4 hits, 1 error, 1 left on base; Houston 4 - Texarkana 1
BOTTOM OF THE 2ND
Texarkana Bears batting - Pitching for Houston Hammertime : LHP Mark Stewart
Batting: RHB Arturo Rodríguez 0-0: Ball
1-0: Ball
2-0: Ground out 4-3 (Groundball, 4)
Batting: RHB Steve Garneys 0-0: Ball
1-0: Ball
2-0: Called Strike
2-1: Ground out 3-1 (Groundball, 34S)
Batting: RHB Kun Liu 0-0: Called Strike
0-1: Ball
1-1: Foul Ball, location: 2F
1-2: Ball
2-2: Ground out 4-3 (Groundball, 4)
Bottom of the 2nd over - 0 runs, 0 hits, 0 errors, 0 left on base; Houston 4 - Texarkana 1
TOP OF THE 3RD
Houston Hammertime batting - Pitching for Texarkana Bears : RHP Jesús Sosa
Batting: RHB Carlos García 0-0: Swinging Strike
0-1: Ball
1-1: Ball
2-1: Ball
3-1: Foul Ball, location: 2F
3-2: Base on Balls
Pitching: RHP John Harvey
Batting: LHB Dave Gordon 0-0: Ball
1-0: SINGLE (Groundball, 56D)
Carlos García to second
Batting: RHB Jorge Barbosa 0-0: Ball
1-0: Ball
Wild Pitch!
Carlos García to third
Dave Gordon to second
2-0: Called Strike
2-1: Ground out 4-3 (Groundball, 4D)
Carlos García scores
Dave Gordon to third
Batting: LHB Jeffrey Satterley 0-0: Foul Ball, location: 2F
0-1: Ball
1-1: Foul Ball, location: 2F
1-2: Fly out, F7 (Flyball, 7S)
Batting: LHB David Adams 0-0: Fly out, F3 (Popup, 3SF)
Top of the 3rd over - 1 run, 1 hit, 0 errors, 1 left on base; Houston 5 - Texarkana 1
BOTTOM OF THE 3RD
Texarkana Bears batting - Pitching for Houston Hammertime : LHP Mark Stewart
Batting: RHB Marvin Johnson 0-0: Ball
1-0: Fly out, F9 (Flyball, 89M)
Batting: RHB Jaime Delgado 0-0: Ball
1-0: Ground out 5-3 (Groundball, 5S)
Batting: RHB Billy Campbell 0-0: Called Strike
0-1: Swinging Strike
0-2: Fly out, F5 (Flyball, 56D)
Bottom of the 3rd over - 0 runs, 0 hits, 0 errors, 0 left on base; Houston 5 - Texarkana 1
TOP OF THE 4TH
Houston Hammertime batting - Pitching for Texarkana Bears : RHP John Harvey
Batting: RHB Juan Carlos 0-0: Swinging Strike
0-1: Ball
1-1: Ball
2-1: Foul Ball, location: 2F
2-2: Strikes out swinging
Batting: RHB Santo Cruz 0-0: Ball
1-0: Ground out 6-3 (Groundball, 6)
Batting: LHB Francisco Cardenas 0-0: Ball
1-0: Ball
2-0: Ball
3-0: Called Strike
3-1: Foul Ball, location: 2F
3-2: Strikes out looking
Top of the 4th over - 0 runs, 0 hits, 0 errors, 0 left on base; Houston 5 - Texarkana 1
BOTTOM OF THE 4TH
Texarkana Bears batting - Pitching for Houston Hammertime : LHP Mark Stewart
Batting: RHB Lu-fang Huie 0-0: Swinging Strike
0-1: Swinging Strike
0-2: Ball
1-2: Ball
2-2: DOUBLE (Groundball, 5L)
Batting: LHB Sam Barnes 0-0: Swinging Strike
0-1: Called Strike
0-2: Foul Ball, location: 2F
0-2: Ball
1-2: DOUBLE (Line Drive, 9LD)
Lu-fang Huie scores
Batting: RHB Roger Rush 0-0: Foul Ball, location: 2F
0-1: Foul Ball, location: 2F
0-2: Foul Ball, location: 2F
0-2: DOUBLE (Line Drive, 89XD)
Sam Barnes scores
Batting: RHB Arturo Rodríguez 0-0: Ball
1-0: Fly out, F6 (Line Drive, 4M)
Batting: RHB Steve Garneys 0-0: DOUBLE (Line Drive, 89D)
Roger Rush scores
Batting: RHB Kun Liu 0-0: Ball
1-0: Foul Ball, location: 2F
1-1: Ground out 5-3 (Groundball, 56)
Batting: RHB Marvin Johnson 0-0: Foul Ball, location: 2F
0-1: Called Strike
0-2: Ball
1-2: Strikes out swinging
Bottom of the 4th over - 3 runs, 4 hits, 0 errors, 1 left on base; Houston 5 - Texarkana 4
TOP OF THE 5TH
Houston Hammertime batting - Pitching for Texarkana Bears : RHP John Harvey
Batting: LHB Marcos Cantú 0-0: Foul Ball, location: 2F
0-1: Swinging Strike
0-2: Ball
1-2: Strikes out looking
Batting: RHB Carlos García 0-0: Called Strike
0-1: Ball
1-1: Ball
2-1: Called Strike
2-2: Strikes out swinging
Batting: LHB Dave Gordon 0-0: Swinging Strike
0-1: Ground out 4-3 (Groundball, 34D)
Top of the 5th over - 0 runs, 0 hits, 0 errors, 0 left on base; Houston 5 - Texarkana 4
BOTTOM OF THE 5TH
Texarkana Bears batting - Pitching for Houston Hammertime : LHP Mark Stewart
Batting: RHB Jaime Delgado 0-0: Ball
1-0: Ball
2-0: Called Strike
2-1: Ground out 4-3 (Groundball, 4)
Batting: RHB Billy Campbell 0-0: Foul Ball, location: 2F
0-1: Ball
1-1: Fly out, F9 (Line Drive, 9)
Batting: RHB Lu-fang Huie 0-0: Ball
1-0: SINGLE (Line Drive, 78S)
Batting: LHB Sam Barnes 0-0: Ball
Wild Pitch!
Lu-fang Huie to second
1-0: Called Strike
1-1: Called Strike
1-2: Ground out 6-3 (Groundball, 56D)
Bottom of the 5th over - 0 runs, 1 hit, 0 errors, 1 left on base; Houston 5 - Texarkana 4
TOP OF THE 6TH
Houston Hammertime batting - Pitching for Texarkana Bears : RHP John Harvey
Batting: RHB Jorge Barbosa 0-0: Ball
1-0: Called Strike
1-1: Foul Ball, location: 2F
1-2: Ball
2-2: Ground out 5-3 (Groundball, 5)
Batting: LHB Jeffrey Satterley 0-0: Swinging Strike
0-1: Ball
1-1: Ball
2-1: Ball
3-1: Fly out, F9 (Flyball, 89M)
Batting: LHB David Adams 0-0: Called Strike
0-1: Ball
1-1: Foul Ball, location: 2F
1-2: Foul Ball, location: 2F
1-2: Foul Ball, location: 2F
1-2: SINGLE (Groundball, 56D)
Batting: RHB Juan Carlos Balk!
David Adams to second
0-0: Ball
1-0: Called Strike
1-1: Ball
2-1: Foul Ball, location: 2F
2-2: Foul Ball, location: 2F
2-2: Ground out 4-3 (Groundball, 4)
Top of the 6th over - 0 runs, 1 hit, 0 errors, 1 left on base; Houston 5 - Texarkana 4
BOTTOM OF THE 6TH
Texarkana Bears batting - Pitching for Houston Hammertime : LHP Mark Stewart
Batting: RHB Roger Rush 0-0: Called Strike
0-1: Called Strike
0-2: Hit by Pitch
Batting: RHB Arturo Rodríguez Pickoff Throw to First - Error! E1
Roger Rush to second
0-0: Ground out 4-3 (Groundball, 4)
Roger Rush to third
Batting: RHB Steve Garneys 0-0: Ball
1-0: Ground out 4-3 (Groundball, 34)
Batting: RHB Kun Liu 0-0: Called Strike
0-1: Swinging Strike
0-2: Ball
Passed Ball!
Roger Rush scores
1-2: Foul Ball, location: 2F
1-2: Strikes out looking
Bottom of the 6th over - 1 run, 0 hits, 1 error, 0 left on base; Houston 5 - Texarkana 5
TOP OF THE 7TH
Houston Hammertime batting - Pitching for Texarkana Bears : RHP John Harvey
Pitching: RHP António Ramírez
Batting: RHB Santo Cruz 0-0: Ball
1-0: Foul Ball, location: 2F
1-1: Fly out, F7 (Flyball, 7LM)
Batting: LHB Francisco Cardenas 0-0: Called Strike
0-1: Fly out, F5 (Popup, 25F)
Batting: LHB Marcos Cantú 0-0: Ball
1-0: Swinging Strike
1-1: Ball
2-1: Foul Ball, location: 2F
2-2: Foul Ball, location: 2F
2-2: Ball
3-2: Foul Ball, location: 2F
3-2: Foul Ball, location: 2F
3-2: Foul Ball, location: 2F
3-2: Fly out, F7 (Flyball, 7S)
Top of the 7th over - 0 runs, 0 hits, 0 errors, 0 left on base; Houston 5 - Texarkana 5
BOTTOM OF THE 7TH
Texarkana Bears batting - Pitching for Houston Hammertime : LHP Mark Stewart
Batting: RHB Marvin Johnson 0-0: Ball
1-0: Called Strike
1-1: Ball
2-1: Ball
3-1: Foul Ball, location: 2F
3-2: Foul Ball, location: 2F
3-2: SINGLE (Line Drive, 4M)
Batting: RHB Jaime Delgado 0-0: Sac Bunt - play at first, batter OUT! 5-4
Marvin Johnson to second
Batting: RHB Billy Campbell 0-0: Intentional Walk
Batting: RHB Lu-fang Huie 0-0: Ball
1-0: Called Strike
1-1: Ball
2-1: Ball
3-1: Base on Balls
Marvin Johnson to third
Billy Campbell to second
Pinch Hitting: RHB Michael Barraclough 0-0: Ball
1-0: Ball
2-0: Foul Ball, location: 2F
2-1: Grounds into fielders choice 6-2 (Groundball, 6)
Billy Campbell to third
Lu-fang Huie to second
Batting: RHB Roger Rush 0-0: Ball
1-0: Ground out 4-3 (Groundball, 4)
Bottom of the 7th over - 0 runs, 1 hit, 0 errors, 3 left on base; Houston 5 - Texarkana 5
TOP OF THE 8TH
Houston Hammertime batting - Pitching for Texarkana Bears : RHP António Ramírez
Now in LF: Michael Barraclough
Batting: RHB Carlos García 0-0: Called Strike
0-1: Ball
1-1: Ball
2-1: Ball
3-1: Swinging Strike
3-2: DOUBLE (Line Drive, 78D)
Batting: LHB Dave Gordon 0-0: Intentional Walk
Batting: RHB Jorge Barbosa 0-0: Called Strike
0-1: Ball
1-1: SINGLE (Line Drive, 6M)
Carlos García to third
Dave Gordon to second
Runner from 3rd tries for Home, SAFE, no throw
Batting: LHB Jeffrey Satterley 0-0: Ball
1-0: Ball
2-0: 3-RUN HOME RUN (Flyball, 78XD), Distance : 426 ft
Pitching: RHP Allen Collins
Batting: LHB David Adams 0-0: Swinging Strike
0-1: Ball
1-1: Ground out 6-3 (Groundball, 6M)
Batting: RHB Juan Carlos 0-0: Called Strike
0-1: Ball
1-1: Foul Ball, location: 2F
1-2: Foul Ball, location: 2F
1-2: SINGLE (Line Drive, 4M)
Batting: RHB Santo Cruz 0-0: Ball
1-0: Ball
2-0: Foul Ball, location: 2F
2-1: Foul Ball, location: 2F
2-2: Strikes out swinging
Batting: LHB Francisco Cardenas 0-0: Called Strike
Juan Carlos steals 2nd base
0-1: Ball
1-1: Called Strike
1-2: Fly out, F8 (Line Drive, 89M)
Top of the 8th over - 4 runs, 4 hits, 0 errors, 1 left on base; Houston 9 - Texarkana 5
BOTTOM OF THE 8TH
Texarkana Bears batting - Pitching for Houston Hammertime : LHP Mark Stewart
Batting: RHB Arturo Rodríguez 0-0: Ball
1-0: Foul Ball, location: 2F
1-1: Ball
2-1: Foul Ball, location: 2F
2-2: Ball
3-2: Fly out, F9 (Flyball, 89M)
Batting: RHB Steve Garneys 0-0: Called Strike
0-1: Ball
1-1: Foul Ball, location: 2F
1-2: Foul Ball, location: 2F
1-2: SINGLE (Line Drive, 8LS)
Batting: RHB Kun Liu 0-0: Called Strike
0-1: Ball
1-1: Ball
2-1: Ball
3-1: Fly out, F9 (Flyball, 9S)
Batting: RHB Marvin Johnson 0-0: Ball
1-0: Ball
2-0: Ball
3-0: Called Strike
3-1: Base on Balls
Steve Garneys to second
Pitching: LHP Dan Snyder
Batting: RHB Jaime Delgado 0-0: Ball
1-0: Foul Ball, location: 2F
1-1: Ball
2-1: Ball
3-1: Base on Balls
Steve Garneys to third
Marvin Johnson to second
Batting: RHB Billy Campbell 0-0: Called Strike
0-1: Foul Ball, location: 2F
0-2: Ball
1-2: GRAND SLAM HOME RUN (Flyball, 7D), Distance : 403 ft
Batting: RHB Lu-fang Huie 0-0: Ball
1-0: Called Strike
1-1: Ball
2-1: Foul Ball, location: 2F
2-2: Strikes out looking
Bottom of the 8th over - 4 runs, 2 hits, 0 errors, 0 left on base; Houston 9 - Texarkana 9
TOP OF THE 9TH
Houston Hammertime batting - Pitching for Texarkana Bears : RHP Allen Collins
Batting: LHB Marcos Cantú 0-0: Called Strike
0-1: Foul Ball, location: 2F
0-2: Ball
1-2: Ball
2-2: Strikes out swinging
Batting: RHB Carlos García 0-0: Called Strike
0-1: Foul Ball, location: 2F
0-2: Ball
1-2: DOUBLE (Line Drive, 78XD)
Batting: LHB Dave Gordon 0-0: Intentional Walk
Batting: RHB Jorge Barbosa 0-0: Ball
1-0: Ball
2-0: SINGLE (Flyball, 78S)
Carlos García to third
Dave Gordon to second
Batting: LHB Jeffrey Satterley 0-0: Called Strike
0-1: Ball
1-1: SINGLE (Groundball, 6MD)
Carlos García scores
Dave Gordon to third
Jorge Barbosa to second
Batting: LHB David Adams 0-0: Fly out, F7 (Flyball, 7S)
Pinch Hitting: LHB António Camacho 0-0: Swinging Strike
0-1: Ball
1-1: Ball
2-1: Ball
3-1: Swinging Strike
3-2: Strikes out swinging
Top of the 9th over - 1 run, 3 hits, 0 errors, 3 left on base; Houston 10 - Texarkana 9
BOTTOM OF THE 9TH
Texarkana Bears batting - Pitching for Houston Hammertime : LHP Dan Snyder
Now at C: Raúl Salas
Now at 3B: José García
Now in LF: Enrique Valentín
Batting: RHB Michael Barraclough 0-0: Called Strike
0-1: SINGLE (Groundball, 56S) (infield hit)
Batting: RHB Roger Rush 0-0: Called Strike
0-1: Ball
1-1: Ball
2-1: Grounds into double play, 6-4-3 (Groundball, 6)
Pinch Hitting: RHB Taki Chikafuji 0-0: Ball
1-0: Foul Ball, location: 2F
1-1: Ball
2-1: SINGLE (Line Drive, 7S)
Pinch Hitting: RHB Si-xun Li 0-0: Foul Ball, location: 2F
0-1: Fielders Choice at 2nd, 6-4 (Groundball, 6)
Bottom of the 9th over - 0 runs, 2 hits, 0 errors, 1 left on base; Houston 10 - Texarkana 9
Saturday, April 7th, 2018 - OOTP Baseball 18.8 Build 76